 Dungeon Crawl Stone Soup version 0.29.1-2-gbd0b4ee654 (webtiles) character file.

Game seed: 16520930371363136096

171 LustLizard the Shooter (level 5, -2/24 HPs)
             Began as a Spriggan Arcane Marksman on Oct 26, 2022.
             Constricted to death by Ijyb (4 damage)
             ... on level 2 of the Dungeon.
             The game lasted 00:04:01 (1652 turns).

LustLizard the Shooter (Spriggan Arcane Marksman)   Turns: 1652, Time: 00:04:02

Health: -2/24      AC:  2    Str:  5    XL:     5   Next: 26%
Magic:  8/8        EV: 19    Int: 15    God:
Gold:   99         SH:  0    Dex: 26    Spells: 5/6 levels left

rFire   . . .      SeeInvis +   a - +1 sling
rCold   . . .      Faith    .   (no shield)
rNeg    . . .      Spirit   .   c - +0 robe
rPois   .          Reflect  .   (helmet restricted)
rElec   .          Harm     .   m - scarf {shadows}
rCorr   .          Rampage  .   (gloves unavailable)
Will    .....      Clarity  +   (boots unavailable)
Stlth   ++........              r - amulet of regeneration
HPRegen 0.88/turn               k - +6 ring of dexterity
MPRegen 0.11/turn               f - +4 ring of evasion

@: grasped by roots, constricted, very quick
A: very small, no large weapons, unfitting armour, see invisible, speed 3, agile
1, clarity, frail 1
a: no special abilities


You were on level 2 of the Dungeon.
You visited 1 branch of the dungeon, and saw 3 of its levels.

You collected 99 gold pieces.

Inventory:

Hand Weapons
 a - a +1 sling (weapon)
 p - the +9 long sword of Context {antimagic, rElec Stlth+}
   (You found it on level 2 of the Dungeon)

   It reduces the magical energy of the wielder, and disrupts the spells and
   magical abilities of those it strikes.
   Natural abilities and divine invocations are not affected.
   rElec:     It insulates you from electricity.
   Stlth:     It makes you more stealthy.
Missiles
 o - 8 poisoned darts
Armour
 c - a +0 robe (worn)
 h - a +0 cloak
 m - a scarf of shadows (worn)
Jewellery
 f - a +4 ring of evasion (right hand)
 k - a +6 ring of dexterity (left hand)
 r - an amulet of regeneration (around neck)
 s - a ring of resist corrosion
Scrolls
 b - 2 scrolls of poison
 e - 3 scrolls of identify {unknown}
 i - 2 scrolls of teleportation {unknown}
 j - a scroll of magic mapping {unknown}
 l - a scroll of enchant armour {unknown}
 t - a scroll of amnesia {unknown}
Potions
 d - a potion of mutation
 g - a potion of attraction {unknown}
 n - a potion of haste {unknown}
 q - a potion of might {unknown}


   Skills:
 + Level 2.3 Fighting
 * Level 4.5 Ranged Weapons
 - Level 2.6 Dodging
 - Level 1.3 Spellcasting
 - Level 4.0 Hexes


You had 5 spell levels left.
You knew the following spells:

 Your Spells              Type           Power      Damage    Failure   Level
a - Slow                  Hex            52%        N/A       4%          1

Your spell library contained the following spells:

 Spells                   Type           Power      Damage    Failure   Level
 Necrotise                Necr           4%         1d4       24%         1
 Inner Flame              Hex/Fire       7%         N/A       30%         3
 Portal Projectile        Hex/Tloc       14%        N/A       30%         3
 Cause Fear               Hex            6%         N/A       41%         4
 Vampiric Draining        Necr           1%         2d6       56%         3
 Agony                    Necr           1%         N/A       100%        5


Dungeon Overview and Level Annotations

Branches:
Dungeon (3/15)

Altars:

Annotations:
D:2 Ijyb


Innate Abilities, Weirdness & Mutations

You are very small and have problems with some larger weapons.
You are too small for most types of armour.
You have supernaturally acute eyesight. (SInv)
You cover ground extremely quickly. (Speed+++)
You are agile. (Dex +4, Str/Int -1)
You possess an exceptional clarity of mind.
You are frail. (-10% HP)


Message History

The orc barely misses you. Ijyb misses you.
Ijyb zaps a wand.
The roots erupt in riotous growth!
The grasping roots grab you! The grasping roots constrict you.
You escape the roots grasp.
Unknown command.
You shoot a sling bullet. The sling bullet hits the orc.
The orc is heavily wounded.
Ijyb zaps a wand.
The roots erupt in riotous growth!
The orc is unaffected.
The grasping roots grab you! The grasping roots constrict you.
You shoot a sling bullet. The sling bullet hits the orc!
You kill the orc!
The grasping roots constrict you.
The grasping roots release their grip on you.
You shoot a sling bullet. The sling bullet hits Ijyb.
Ijyb is severely wounded.
Ijyb zaps a wand.
The roots erupt in riotous growth!
The grasping roots grab you! The grasping roots constrict you.
You shoot a sling bullet. The sling bullet hits Ijyb.
Ijyb is almost dead.
The grasping roots constrict you! The grasping roots constrict you.
* * * LOW HITPOINT WARNING * * *
You escape the roots grasp.
Ijyb zaps a wand.
The roots erupt in riotous growth!
The grasping roots grab you! The grasping roots constrict you.
* * * LOW HITPOINT WARNING * * *
The roots grasp on you weakens, but your attempt to escape fails.
The grasping roots constrict you.
* * * LOW HITPOINT WARNING * * *
Unknown command.
Fire: a) +1 sling
Press: ? - help, Q - select action, (/) - cycle Shift-Dir - straight line, f/p - Ijyb
Aim: Ijyb, wielding a +0 mace, wearing a +0 leather armour and carrying a wand of roots (3) (almost dead, 61% to hit)
You shoot a sling bullet. The sling bullet hits Ijyb.
Ijyb is almost dead.
The grasping roots constrict you.
You die...

.#.##>.)...........#
......##...#.......#
[..................#
.#.........#.).....#
.#.####....#.......#
...# #......g.....#
#### #............#
.######............#
................@..#
.....).............#
#..............<####
..)............>#
................#
)........###..###
........#####.######
#...รท..............#
#########....[.....#


You could see Ijyb.

Vanquished Creatures
  Jessica (D:2)
  Terence (D:2)
  3 adders
  4 gnolls (D:2)
  A worm (D:2)
  A dart slug (D:2)
  2 orcs (D:2)
  6 bats
  4 endoplasms
  2 giant cockroaches (D:2)
  9 goblins
  4 hobgoblins
  2 quokkas
  2 frilled lizards
  2 kobolds
  3 rats
47 creatures vanquished.

Notes
Turn   | Place    | Note
-------+----------+-------------------------------------------
     0 | D:1      | LustLizard the Spriggan Arcane Marksman began the quest for
                  | the Orb.
     0 | D:1      | Reached XP level 1. HP: 9/9 MP: 3/3
    91 | D:1      | Found a faded altar of an unknown god.
   282 | D:1      | Reached skill level 1 in Fighting
   285 | D:1      | Reached XP level 2. HP: 14/14 MP: 5/5
   907 | D:2      | Gained mutation: You are frail. (-10% HP) [potion of
                  | mutation]
   907 | D:2      | Gained mutation: You possess an exceptional clarity of
                  | mind. [potion of mutation]
   907 | D:2      | Gained mutation: You are agile. (Dex +4, Str/Int -1)
                  | [potion of mutation]
   963 | D:2      | Reached XP level 3. HP: 16/16 MP: 6/6
  1027 | D:2      | Identified the +9 long sword of Context {antimagic, rElec
                  | Stlth+}
  1134 | D:2      | Reached XP level 4. HP: 20/20 MP: 7/7
  1275 | D:3      | Noticed Jessica
  1283 | D:2      | HP: 1/20 [Jessica/nerve-wracking pain (12)]
  1316 | D:2      | Killed Jessica
  1373 | D:3      | Noticed Ijyb
  1467 | D:3      | Noticed Terence
  1486 | D:3      | Reached XP level 5. HP: 22/23 MP: 8/8
  1585 | D:2      | Killed Terence
  1651 | D:2      | HP: 1/24 [constriction (4)]
  1652 | D:2      | Constricted to death by Ijyb

Illustrated notes

Levels and vault maps discovered:
D:1:      lemuel_arrival_tunnels, layout_loops_ring, basic_ecumenical_altar,
          minivault_5
D:2:      layout_rooms, corexii_leaking_fountain
D:3:      layout_rooms, serial_shops, nicolae_shop_waterfront, uniq_ijyb,
          uniq_jessica, uniq_terence

Skill      XL: |  1  2  3  4 |
---------------+-------------+-----
Fighting       | 1 2 |  2.3
Hexes          | 4 |  4.0
Ranged Weapons | 3 4 |  4.5
Dodging        | |  2.6
Spellcasting   | |  1.3

Action                   |  1- 3 |  4- 6 || total
-------------------------+-------+-------++-------
 Fire: Sling             |    99 |    88 ||   187
 Cast: Slow              |     2 |       ||     2
  Use: Potion            |     2 |       ||     2
Armor: Robe              |     2 |     1 ||     3
Dodge: Dodged            |    45 |    36 ||    81
